 Dungeon Crawl Stone Soup version 0.21-a0-241-g2cbab09 (webtiles) character file.

54219 Geomchi the Black Sun (level 14, 0/110 HPs)
             Began as a Demonspawn Necromancer on Sept 3, 2017.
             Was a High Priest of Kikubaaqudgha.
             Killed by divine providence
             ... invoked by an orc priest
              (11 damage)
             ... on level 2 of the Orcish Mines.
             The game lasted 00:52:36 (27737 turns).

Geomchi the Black Sun (Demonspawn Necromancer)     Turns: 27737, Time: 00:52:36

Health: 0/110      AC: 11    Str:  9    XL:     14   Next: 33%
Magic:  27/30      EV: 16    Int: 25    God:    Kikubaaqudgha [*****.]
Gold:   1233       SH:  5    Dex: 13    Spells: 9/37 levels left

rFire    + . .     SeeInvis .   o - +2 short sword (elec)
rCold    + . .     Gourm    .   W - +0 buckler
rNeg     + . .     Faith    .   M - +0 steam dragon scales
rPois    .         Spirit   .   V - +0 hat "Hyddot" {Int+3}
rElec    .         Reflect  .   G - +2 cloak {MR+}
rCorr    +         Harm     .   A - +0 pair of gloves
MR       ++...                  (no boots)
Stlth    ++........             (no amulet)
HPRegen  1.28/turn              Q - ring of positive energy
MPRegen  0.22/turn              Z - ring "Litor" {rCorr rF+}

@: about to teleport, regenerating
A: antennae 1, slimy green scales 1, cold resistance 1, powered by death 3,
spiny 3
a: Receive Corpses, Torment, Renounce Religion


You were on level 2 of the Orcish Mines.
You worshipped Kikubaaqudgha.
Kikubaaqudgha was extremely pleased with you.
You were not hungry.

You visited 4 branches of the dungeon, and saw 19 of its levels.

You collected 1792 gold pieces.
You spent 559 gold pieces at shops.

Inventory:

Hand Weapons
 o - a +2 short sword of electrocution (weapon)
Armour
 A - a +0 pair of gloves (worn)
 G - a +2 cloak of magic resistance (worn)
 M - +0 steam dragon scales (worn)
 S - a +2 robe of positive energy
 V - the +0 hat "Hyddot" (worn) {Int+3}
   (You found it on level 1 of the Orcish Mines)

   It affects your intelligence (+3).
 W - a +0 buckler (worn)
Jewellery
 C - an uncursed ring of fire
 Q - a ring of positive energy (left hand)
 Z - the ring "Litor" (right hand) {rCorr rF+}
   (You found it on level 3 of the Lair of Beasts)

   [ring of resist corrosion]

   It protects you from fire.
Wands
 v - a wand of acid (15/15)
 y - a wand of lightning (5/15)
 J - a wand of lightning (1/15)
 K - a wand of flame (24/48)
 L - a wand of clouds (7/9)
 U - a wand of clouds (4/9)
 Y - a wand of lightning (7/15)
Scrolls
 a - a scroll of immolation
 b - 2 scrolls of amnesia
 f - 8 scrolls of remove curse
 g - a scroll of fog
 i - 3 scrolls of summoning
 k - a scroll of teleportation
 m - 5 scrolls of blinking
 p - 2 scrolls of recharging
 q - 3 scrolls of magic mapping
 r - 6 scrolls of fear
 s - a scroll of identify
 w - 2 scrolls of enchant armour
 B - a scroll of torment
 E - a scroll of enchant weapon
Potions
 e - 5 potions of curing
 j - 3 potions of brilliance
 l - a potion of might
 t - 3 potions of mutation
 u - 2 potions of lignification
 x - a potion of invisibility
 z - 2 potions of agility
 D - 2 potions of ambrosia
 H - 2 potions of heal wounds
 R - 2 potions of flight
 T - a potion of haste
Books
 n - a book of Flames

   Spells                             Type                      Level
   a - Flame Tongue                   Conjuration/Fire             1
   b - Throw Flame                    Conjuration/Fire             2
   c - Conjure Flame                  Conjuration/Fire             3
   d - Inner Flame                    Hexes/Fire                   3
   e - Sticky Flame                   Conjuration/Fire             4
   f - Fireball                       Conjuration/Fire             5
 N - a book of Cantrips

   Spells                             Type                      Level
   a - Confusing Touch                Hexes                        1
   b - Animate Skeleton               Necromancy                   1
   c - Summon Small Mammal            Summoning                    1
   d - Apportation                    Translocation                1
 X - Kikubaaqudgha's Incunabulum of Sinister Rites
   (Kikubaaqudgha gifted it to you on level 1 of the Lair of Beasts)

   Spells                             Type                      Level
   a - Animate Dead                   Necromancy                   4
   b - Bolt of Draining               Conjuration/Necromancy       5
   c - Agony                          Necromancy                   5
   d - Dispel Undead                  Necromancy                   5
   e - Simulacrum                     Ice/Necromancy               6
Comestibles
 c - 15 bread rations {@e1}
 d - 6 royal jellies
 h - 8 meat rations {@e2}
 F - 4 fruits


   Skills:
 + Level 10.2 Fighting
 - Level 1.0 Short Blades
 - Level 7.5 Dodging
 - Level 1.7 Stealth
 - Level 4.0 Shields
 + Level 12.4 Spellcasting
 - Level 10.0 Conjurations
 + Level 14.9 Necromancy


You had 9 spell levels left.
You knew the following spells:

 Your Spells              Type           Power        Failure   Level  Hunger
a - Magic Dart            Conj           ####         1%          1    None
c - Control Undead        Necr           ######....   1%          4    None
d - Mephitic Cloud        Conj/Pois/Air  ####....     3%          3    None
e - Blink                 Tloc           N/A          6%          2    None
f - Agony                 Necr           ######..     1%          5    ###....
h - Bolt of Draining      Conj/Necr      ######....   1%          5    ###....
m - Regeneration          Chrm/Necr      ######....   1%          3    None
n - Pain                  Necr           ####         0%          1    None
z - Animate Dead          Necr           N/A          1%          4    None


Dungeon Overview and Level Annotations

Branches:
Dungeon (10/15)            Temple (1/1) D:6            Lair (6/6) D:10
 Shoals (0/4) Lair:3       Spider (0/4) Lair:2        Slime (0/5) Lair:6
    Orc (1/2) D:9             Elf (0/3) Orc:2

Altars:
Ashenzari
Cheibriados
Dithmenos
Elyvilon
Fedhas
Gozag
Hepliaklqana
Kikubaaqudgha
Makhleb
Nemelex Xobeh
Okawaru
Qazlal
Ru
Sif Muna
Trog
Uskayaw
Vehumet
Wu Jian
Xom
Yredelemnul
Zin
The Shining One
Jiyva

Shops:
D:6 *   D:7 }   D:9 [%?!?   Orc:1 (

Annotations:
Lair:5 exclusion: 2 oklob plants


Innate Abilities, Weirdness & Mutations

You have a pair of small antennae on your head.
You are partially covered in slimy green scales. (AC +2)
Your flesh is cold resistant. (rC+)
You regenerate a lot of health from kills.
You are completely covered in sharp spines.


Message History

The troll misses you. The troll claws you. The ogre barely misses you.
The orc closely misses you. You block the troll's attack.
The troll claws you but does no damage. The troll barely misses you.
The troll is struck by your spines. The troll barely misses you.
The troll claws you. x2; The ogre closely misses you.
You take 30 damage, and have 39/110 hp.
MASSIVE DAMAGE!!
You now have 27/30 mp.
The orc priest shouts!
The orc priest begins to cast a cantrip, but forgets the words!
The orc priest calls down the wrath of Beogh upon you.
Beogh smites you!
* * * LOW HITPOINT WARNING * * *
The orc wizard mumbles some strange words.
The orc wizard seems to speed up.
The orc priest mumbles some strange prayers to Beogh against you.
Beogh smites you!
* * * LOW HITPOINT WARNING * * *
The orc priest mumbles some strange prayers to Beogh against you.
Beogh smites you!
You die...
Kikubaaqudgha rasps: "You have failed me!
Welcome... death!"

*****,*** ###).....#..#****,,,,,,
,,,,,,,**##.#o3o..##...,,,,,,,,,,
,,,,,,,,*#......o......,,,,,,,,,,
,,,,,,,,*#....o........,,,,,,,,,,
,,,,,,,,##.........#...,,,,,,,,*,
**,*,,,$.......oo......,,,,,,,,,8
***,,,.......oTO.#####,,*,,,,,,,
*,,,,.......#o3##,,,**,**,,,**+
**,,,....###.T@#,,,,,*,*,,***,.
***,,,,..o.oo.o..+,,,_,*,*,** *8.
,,,,,,,.....o....#,,,,,*,*,#####.
*,,,,,,,...o.oo..#*,,,**,*,#..)#o
*,,,,,,,....o.....*****,,*,#)).'o
*,,,,,,,.#........,,,,,,,*,#...#.
+,,,,,,,,#.........,,*****,#####.
*,,,,,,**##........,,,* *,*,,,*.
*,,,,,,** **,,,,,,,,,,* *,*,,,+o


You could see an orc knight, a soul eater, 2 trolls, a sixfirhy, an orc
sorcerer, 2 orc warriors, an ogre, 5 orc priests, an orc wizard and 7 orcs.

Vanquished Creatures
  Rupert (Lair:3)
  Gastronok (D:9)
  A fire dragon (Lair:6)
  Erolcha (Orc:1)
  A centaur warrior (Lair:1)
  9 hydras
  A catoblepas (Lair:5)
  A two-headed ogre (D:8)
  Erica (D:9)
  Sonja (Lair:3)
  Pikel (D:7)
  A lindwurm (Lair:6)
  2 deep elf magi (Orc:1)
  12 elephants
  7 black mambas
  5 spiny frogs
  2 molten gargoyles (Lair:6)
  3 rime drakes
  A torpor snail (Lair:5)
  4 komodo dragons (Lair:6)
  2 meliai (Lair:5)
  A queen bee (Lair:5)
  Prince Ribbit (D:6)
  Grinder (D:6)
  2 trolls (Orc:1)
  7 dream sheep
  6 hippogriffs
  21 blink frogs
  A spriggan (D:7)
  The ghost of Herrn the Firebug, an amateur NaFE (D:4)
  A basilisk (Lair:6)
  3 wyverns
  34 yaks
  A hungry ghost (D:9)
  Eustachio (D:6)
  4 steam dragons
  A warg (Orc:1)
  10 water moccasins
  7 porcupines
  2 hell hounds (Lair:6)
  A swamp drake (Orc:1)
  A black bear (D:8)
  3 sky beasts
  7 orc warriors
  An ice beast (D:6)
  3 slaves (D:7)
  7 phantoms
  8 wolves
  7 centaurs
  10 ogres
  14 crocodiles
  Blork the orc (Orc:1)
  2 big kobolds (D:10)
  15 bullfrogs
  5 scorpions
  A water moccasin zombie (D:6)
  24 killer bees (Lair:5)
  A jelly (D:9)
  2 electric eels
  3 howler monkeys (D:9)
  6 crimson imps
  5 lava snakes (Lair:6)
  Crazy Yiuf (D:6)
  4 hounds
  12 orc wizards
  9 orc priests
  A bullfrog skeleton (D:7)
  3 iguanas
  An iron imp (Orc:1)
  Jessica (D:3)
  11 worker ants
  6 ogre zombies (D:9)
  A hound skeleton (D:6)
  A howler monkey zombie (D:5)
  A worker ant zombie (D:7)
  7 adders
  3 gnolls (D:4)
  A river rat (Lair:5)
  A shadow imp (Orc:1)
  A white imp (Orc:1)
  2 oozes (D:3)
  4 worms
  A dart slug (D:2)
  9 leopard geckos
  54 orcs
  6 giant cockroaches
  7 goblins
  11 hobgoblins
  8 jackals
  5 quokkas
  5 bats
  9 frilled lizards
  A goblin skeleton (D:9)
  4 goblin zombies (D:9)
  A hobgoblin skeleton (D:9)
  2 hobgoblin zombies (D:9)
  11 kobolds
  A leopard gecko skeleton (D:7)
  2 orc skeletons (D:9)
  8 orc zombies (D:9)
  7 rats
513 creatures vanquished.

Vanquished Creatures (collateral kills)
  A hydra (Lair:1)
  2 black mambas
  2 spiny frogs
  A komodo dragon (Lair:5)
  A meliai (Lair:5)
  A hippogriff (Lair:6)
  2 blink frogs (Lair:5)
  2 basilisks
  A yak (Lair:4)
  A steam dragon (Lair:6)
  2 hell hounds (Lair:6)
  A water moccasin (Lair:5)
  3 crocodiles
  A bullfrog (Lair:5)
  7 killer bees (Lair:5)
  A hell rat (Lair:5)
  An orc zombie (D:9)
  2 fungi
  A plant (Lair:6)
33 creatures vanquished.

Vanquished Creatures (others)
  An unseen horror (D:9)
  A slave (D:7)
  An orc wizard (D:7)
  An orc (D:7)
  2 bushes (Lair:6)
  17 fungi
  9 plants
32 creatures vanquished.

Grand Total: 578 creatures vanquished

Notes
Turn   | Place    | Note
-------+----------+-------------------------------------------
     0 | D:1      | Geomchi the Demonspawn Necromancer began the quest for the Orb.
     0 | D:1      | Reached XP level 1. HP: 13/13 MP: 3/3
   491 | D:1      | Gained mutation: You are partially covered in sharp spines. [demonic ancestry]
   491 | D:1      | Reached XP level 2. HP: 17/19 MP: 0/5
  1124 | D:2      | Found a radiant altar of Vehumet.
  1361 | D:2      | Gained mutation: You regenerate a little health from kills. [demonic ancestry]
  1361 | D:2      | Reached XP level 3. HP: 21/24 MP: 1/7
  1495 | D:2      | Learned a level 3 spell: Vampiric Draining
  1499 | D:2      | Learned a level 3 spell: Regeneration
  1634 | D:2      | Reached skill level 5 in Necromancy
  2269 | D:3      | Found a glowing golden altar of the Shining One.
  2586 | D:3      | Found a sparkling altar of Nemelex Xobeh.
  2676 | D:3      | Reached XP level 4. HP: 27/30 MP: 4/8
  3018 | D:3      | Reached skill level 1 in Short Blades
  3140 | D:3      | Noticed Jessica
  3144 | D:3      | Killed Jessica
  3175 | D:3      | Found a deep blue altar of Sif Muna.
  3243 | D:3      | Gained mutation: You are partially covered in slimy green scales. (AC +2) [demonic ancestry]
  3243 | D:3      | Reached XP level 5. HP: 24/35 MP: 0/10
  3670 | D:3      | Reached skill level 6 in Necromancy
  3692 | D:3      | Learned a level 4 spell: Control Undead
  3921 | D:3      | Found an iron altar of Okawaru.
  4292 | D:4      | Gained mutation: You regenerate health from kills. [demonic ancestry]
  4292 | D:4      | Reached XP level 6. HP: 39/41 MP: 8/12
  4525 | D:4      | Found a blossoming altar of Fedhas.
  4569 | D:4      | Noticed Herrn's ghost (amateur NaFE)
  4585 | D:4      | Killed Herrn's ghost
  4585 | D:4      | Reached skill level 5 in Spellcasting
  4585 | D:4      | Reached skill level 7 in Necromancy
  4585 | D:4      | Gained mutation: You are mostly covered in sharp spines. [demonic ancestry]
  4585 | D:4      | Reached XP level 7. HP: 20/46 MP: 12/14
  5343 | D:5      | Entered Level 5 of the Dungeon
  5459 | D:5      | Reached skill level 1 in Fighting
  5567 | D:5      | Learned a level 1 spell: Magic Dart
  5571 | D:5      | Learned a level 3 spell: Mephitic Cloud
  5831 | D:5      | Reached skill level 1 in Conjurations
  6293 | D:5      | Found an opulent altar of Gozag.
  6299 | D:5      | Found a glowing silver altar of Zin.
  6446 | D:6      | Found a staircase to the Ecumenical Temple.
  6455 | D:6      | Noticed Eustachio
  6485 | D:6      | Gained mutation: You are completely covered in sharp spines. [demonic ancestry]
  6485 | D:6      | Reached XP level 8. HP: 48/54 MP: 7/16
  6491 | Temple   | Entered the Ecumenical Temple
  6838 | D:6      | Found a hazy altar of Hepliaklqana.
  6918 | D:6      | Reached skill level 8 in Necromancy
  7082 | D:6      | Found Loavvis's Assorted Antiques.
  7090 | D:6      | Bought a scroll of identify for 66 gold pieces
  7090 | D:6      | Bought a scroll of identify for 66 gold pieces
  7555 | D:6      | Noticed Grinder
  7564 | D:6      | Killed Eustachio
  7570 | D:6      | Killed Grinder
  7570 | D:6      | Reached skill level 5 in Conjurations
  7860 | D:6      | Learned a level 4 spell: Animate Dead
  8010 | D:6      | Noticed Prince Ribbit
  8030 | D:6      | Killed Prince Ribbit
  8030 | D:6      | Reached skill level 9 in Necromancy
  8030 | D:6      | Gained mutation: Your flesh is cold resistant. (rC+) [demonic ancestry]
  8030 | D:6      | Reached XP level 9. HP: 52/59 MP: 10/19
  8211 | D:6      | Found a runed door.
  8455 | D:6      | Noticed Crazy Yiuf
  8459 | D:6      | Killed Crazy Yiuf
  8470 | D:6      | Learned a level 2 spell: Blink
  8700 | D:7      | Found a sacrificial altar of Ru.
  8714 | D:7      | Noticed Pikel
  8758 | D:7      | Killed Pikel
  8758 | D:7      | Reached skill level 10 in Necromancy
  9188 | D:7      | Found Kyno's Gadget Boutique.
 10004 | D:8      | Reached XP level 10. HP: 67/71 MP: 16/22
 10303 | D:8      | Found a shadowy altar of Dithmenos.
 10307 | D:8      | Found an ancient bone altar of Kikubaaqudgha.
 10310 | D:8      | Found a stormy altar of Qazlal.
 10369 | D:8      | Became a worshipper of Kikubaaqudgha
 11240 | D:8      | Noticed a two-headed ogre
 11258 | D:8      | Killed a two-headed ogre
 11258 | D:8      | Reached skill level 5 in Fighting
 11258 | D:8      | Reached skill level 11 in Necromancy
 11537 | D:9      | Found Derchi's Antique Armour Shop.
 11545 | D:9      | Bought an encrusted ring mail for 261 gold pieces
 11555 | D:9      | Identified the +0 ring mail of Zaimotauso {-Tele Str+4 Int+3} (You bought it in a shop on level 9 of the Dungeon)
 11784 | D:9      | Noticed Gastronok
 11927 | D:9      | Found Tyobooje's Magic Scroll Boutique.
 11949 | D:9      | Found Jual's Food Boutique.
 12006 | D:9      | Killed Gastronok
 12300 | D:9      | Reached * piety under Kikubaaqudgha
 12300 | D:9      | Identified Kikubaaqudgha's Disquisition on Necromancy (Kikubaaqudgha gifted it to you on level 9 of the Dungeon)
 12300 | D:9      | Received a gift from Kikubaaqudgha
 12302 | D:9      | Found a staircase to the Orcish Mines.
 12385 | D:9      | Gained mutation: You have a pair of small antennae on your head. [demonic ancestry]
 12385 | D:9      | Reached XP level 11. HP: 49/84 MP: 10/24
 12582 | D:9      | Noticed an unseen horror
 12586 | D:9      | Found Jeafruph's Magic Scroll Boutique.
 12589 | D:9      | Killed an unseen horror
 12774 | D:9      | Bought a scroll of identify for 26 gold pieces
 12850 | D:9      | Bought a scroll of identify for 34 gold pieces
 12850 | D:9      | Bought a scroll of teleportation for 51 gold pieces
 12903 | D:9      | Found Diyshaz's Distillery.
 12911 | D:9      | Bought a potion of heal wounds for 55 gold pieces
 12915 | D:9      | Noticed Erica
 12929 | D:9      | Killed Erica
 13019 | D:9      | Reached ** piety under Kikubaaqudgha
 13357 | D:9      | Reached skill level 12 in Necromancy
 13456 | D:9      | Found an ornate altar of the Wu Jian Council.
 13487 | D:10     | Entered Level 10 of the Dungeon
 13982 | D:10     | Found a staircase to the Lair.
 14618 | Lair:1   | Entered Level 1 of the Lair of Beasts
 14795 | Lair:1   | Reached skill level 10 in Spellcasting
 15081 | Lair:1   | Noticed a five-headed hydra
 15210 | Lair:1   | Reached skill level 1 in Shields
 15371 | Lair:1   | Reached *** piety under Kikubaaqudgha
 15371 | Lair:1   | Identified Kikubaaqudgha's Incunabulum of Sinister Rites (Kikubaaqudgha gifted it to you on level 1 of the Lair of Beasts)
 15371 | Lair:1   | Received a gift from Kikubaaqudgha
 15379 | Lair:1   | Learned a level 5 spell: Bolt of Draining
 15474 | Lair:1   | Noticed a centaur warrior
 15510 | Lair:1   | Killed a centaur warrior
 15655 | Lair:1   | Killed a five-headed hydra
 16120 | Lair:1   | Reached XP level 12. HP: 74/97 MP: 16/26
 16332 | Lair:1   | Noticed a four-headed hydra
 16355 | Lair:1   | Killed a four-headed hydra
 16916 | Lair:2   | Found a hole to the Spider Nest.
 17199 | Lair:2   | Reached skill level 10 in Fighting
 17919 | Lair:3   | Got a pitted jade ring
 17931 | Lair:3   | Identified the ring "Litor" {rCorr rF+} (You found it on level 3 of the Lair of Beasts)
 18104 | Lair:3   | Noticed a seven-headed hydra
 18118 | Lair:3   | Killed a seven-headed hydra
 18320 | Lair:3   | Found a hazy altar of Hepliaklqana.
 18326 | Lair:3   | Noticed Rupert
 18336 | Lair:3   | Learned a level 5 spell: Agony
 18346 | Lair:3   | Noticed Sonja
 18350 | Lair:3   | Noticed a seven-headed hydra
 18500 | Lair:3   | Killed Rupert
 18500 | Lair:3   | Reached skill level 13 in Necromancy
 18715 | Lair:3   | Killed Sonja
 18867 | Lair:3   | Found a staircase to the Shoals.
 18978 | Lair:3   | Killed a seven-headed hydra
 19481 | Lair:4   | You fall through a shaft for 2 floors!
 19481 | Lair:6   | Entered Level 6 of the Lair of Beasts
 19495 | Lair:6   | Noticed a four-headed hydra
 19500 | Lair:6   | Killed a four-headed hydra
 19732 | Lair:6   | Found a snail-covered altar of Cheibriados.
 19798 | Lair:6   | Gained mutation: You regenerate a lot of health from kills. [demonic ancestry]
 19798 | Lair:6   | Reached XP level 13. HP: 46/103 MP: 3/28
 20156 | Lair:6   | Found a staircase to the Slime Pits.
 20156 | Lair:6   | Found a viscous altar of Jiyva.
 20432 | Lair:6   | Reached skill level 5 in Dodging
 21242 | Lair:6   | Reached **** piety under Kikubaaqudgha
 21542 | Lair:6   | Noticed a fire dragon
 21708 | Lair:6   | Found a large runed door.
 21709 | Lair:6   | Found a large runed door.
 22601 | Lair:6   | Killed a fire dragon
 22868 | Lair:5   | Reached skill level 14 in Necromancy
 23717 | Lair:5   | Reached ***** piety under Kikubaaqudgha
 24215 | Lair:5   | Reached XP level 14. HP: 104/110 MP: 5/30
 25944 | Lair:4   | Reached skill level 10 in Conjurations
 26476 | Orc:1    | Entered Level 1 of the Orcish Mines
 26559 | Orc:1    | Found Jaane's Antique Weapon Boutique.
 26951 | Orc:1    | Noticed Blork the orc
 26951 | Orc:1    | Noticed Erolcha
 26954 | Orc:1    | Killed Blork the orc
 27001 | Orc:1    | Killed Erolcha
 27174 | Orc:1    | Got a shimmering hat
 27176 | Orc:1    | Got an ichor-stained hat
 27187 | Orc:1    | Identified the cursed +0 hat "Hyddot" {Int+3} (You found it on level 1 of the Orcish Mines)
 27198 | Orc:1    | Identified the cursed +0 hat of the Sky {rF++ Regen+ MP-9} (You found it on level 1 of the Orcish Mines)
 27663 | Orc:1    | You fall through a shaft!
 27663 | Orc:2    | Entered Level 2 of the Orcish Mines
 27726 | Orc:2    | Noticed an orc warlord
 27737 | Orc:2    | Killed from afar by an orc priest

Vault maps used:
D:1:      dpeg_arrival_rooms_b
D:2:      vehumet_crystals, first_bread
D:3:      tso_altar, tgw_sif, nemelex_xobeh_ov_fountains_minmay,
          serial_corexii_hall, corexii_hall_statues_i, corexii_hall_statues_l,
          okawaru_metal_pillars_3
D:4:      kennysheep_mini, nicolae_underground_beach
D:5:      grunt_temple_overflow_gold_and_silver
D:6:      kennysheep_mini_moat, minmay_temple_entry_mist, serial_shops, shop,
          uniq_eustachio, uniq_crazy_yiuf_cottage, uniq_grinder,
          uniq_prince_ribbit1
D:7:      hangedman_ru_absence, serial_shops, shop, the_bakery,
          solitary_fountain, uniq_pikel
D:8:      cheibrodos_steamvent, minmay_overflow_temple_star_quad
D:9:      kennysheep_little_box, zombieorc1_lemuel, serial_shops, shop_coins,
          shop_scrolls, shop, shop, nicolae_shop_crystal, uniq_gastronok,
          uniq_erica
D:10:     lair_entry_dummy
Temple:   compressed_dpeg_triangle_lava_temple
Lair:2:   dummy_spider_entry
Lair:3:   elwin_shoals_entry_rocks, basic_altar, uniq_sonja, uniq_rupert
Lair:4:   lemuel_fruit_fields
Lair:5:   regret_index_combs_of_tragedy, infiniplex_staircase_pool,
          minmay_lair_oklob_chamber
Lair:6:   cheibrodos_lair_end_hotspot, slime_altar_1, lemuel_centaur_altar
Orc:1:    serial_shops, nicolae_shop_crystal, hangedman_minor_magic,
          uniq_erolcha
Orc:2:    grunt_orc_community_town_hall, grunt_orc_community_big_house_2,
          grunt_orc_community_big_house_2, grunt_orc_community_house_3,
          grunt_orc_community_house_3, grunt_orc_community_house_1,
          grunt_orc_community_house_3, grunt_orc_community_house_1,
          grunt_orc_community_house_2, basic_altar, mines2_lemuel, uniq_donald

Skill      XL: |  1  2  3  4  5  6  7  8  9 10 11 12 13 14 |
---------------+-------------------------------------------+-----
Necromancy     | 5 6 7 9 10 11 12 13 14 | 14.9
Spellcasting   | 3 4 5 6 8 9 10 11 12 | 12.4
Short Blades   | 1 |  1.0
Fighting       | 1 3 7 9 10 | 10.2
Conjurations   | 3 5 7 9 10 | 10.0
Shields        | 2 4 |  4.0
Dodging        | 4 7 |  7.5
Stealth        | |  1.7

Action                   |  1- 3 |  4- 6 |  7- 9 | 10-12 | 13-15 || total
-------------------------+-------+-------+-------+-------+-------++-------
Melee: Unarmed           |     1 |       |       |       |       ||     1
       Short sword       |       |    12 |    86 |   194 |   237 ||   529
 Cast: Pain              |    87 |    84 |   157 |   332 |   135 ||   795
       Magic Dart        |       |       |   108 |   164 |    47 ||   319
       Regeneration      |       |       |     3 |     8 |    11 ||    22
       Mephitic Cloud    |       |       |    10 |     7 |     5 ||    22
       Vampiric Draining |       |       |     1 |     9 |     3 ||    13
       Animate Dead      |       |       |       |    10 |    27 ||    37
       Bolt of Draining  |       |       |       |    24 |    74 ||    98
       Control Undead    |       |       |       |     1 |     1 ||     2
       Agony             |       |       |       |    22 |    46 ||    68
       Blink             |       |       |       |     1 |       ||     1
Invok: Receive Corpses   |       |       |       |       |     1 ||     1
Evoke: Wand              |       |       |       |       |     4 ||     4
  Use: Scroll            |       |     4 |     5 |     6 |    22 ||    37
       Potion            |       |       |       |     1 |     2 ||     3
 Stab: Confused          |       |       |     2 |     5 |       ||     7
       Petrified         |       |       |       |       |     2 ||     2
  Eat: Chunk             |     5 |     6 |    16 |    32 |    37 ||    96
       Fruit             |       |       |     1 |     1 |     1 ||     3
       Royal jelly       |       |       |       |     4 |     2 ||     6
Armor: Robe              |     1 |     4 |    13 |       |       ||    18
       Steam dragon scal |       |       |       |    85 |    76 ||   161
Dodge: Dodged            |     6 |    11 |    46 |   171 |   224 ||   458
Block: Buckler           |       |       |       |    32 |    69 ||   101

Table legend:
 A = Spawn XP
 B = Non-spawn XP
 C = Spawn XP percentage of total XP
 D = Spawn monster count
 E = Non-spawn monster count
 F = Spawn count percentage of total count
 G = Total turns spent on level
                    A         B        C        D         E        F      G
               +---------+---------+-------+---------+---------+-------+---------
         Total |   14006 |   63451 |  18.1 |      82 |     459 |  15.2 | 27737
               +---------+---------+-------+---------+---------+-------+---------
           D:1 |       3 |      14 |  17.6 |       2 |      10 |  16.7 |   873
           D:2 |       7 |      43 |  14.0 |       4 |      22 |  15.4 |  1491
           D:3 |      66 |     214 |  23.6 |       9 |      27 |  25.0 |  1895
           D:4 |       6 |     469 |   1.3 |       2 |      13 |  13.3 |  1086
           D:5 |     149 |     384 |  28.0 |       2 |       9 |  18.2 |  1018
           D:6 |     315 |    1635 |  16.2 |       4 |      26 |  13.3 |  1874
           D:7 |     253 |    1643 |  13.3 |       4 |      22 |  15.4 |  1359
           D:8 |    1188 |    1353 |  46.8 |       5 |      17 |  22.7 |  1748
           D:9 |    1059 |    5924 |  15.2 |      10 |      52 |  16.1 |  1892
          D:10 |       3 |    1110 |   0.3 |       1 |      20 |   4.8 |  1168
        Lair:1 |    4002 |    3206 |  55.5 |       9 |      16 |  36.0 |  1880
        Lair:2 |       0 |    1324 |   0.0 |       0 |       7 |   0.0 |  1096
        Lair:3 |     147 |   10188 |   1.4 |       1 |      25 |   3.8 |  1801
        Lair:4 |     579 |    6037 |   8.8 |       5 |      23 |  17.9 |  1539
        Lair:5 |    1755 |   13522 |  11.5 |       7 |      79 |   8.1 |  2097
        Lair:6 |    3882 |   12896 |  23.1 |      10 |      49 |  16.9 |  3388
         Orc:1 |     592 |    3439 |  14.7 |       7 |      38 |  15.6 |  1187
         Orc:2 |       0 |      50 |   0.0 |       0 |       4 |   0.0 |    74
               +---------+---------+-------+---------+---------+-------+---------
